 Dungeon Crawl Stone Soup version 0.29.1-1-gd02db69 (webtiles) character file.

Game seed: 6004941985815430741

167 Vaargak the Chopper (level 5, -1/37 HPs)
             Began as a Demonspawn Wanderer on Sept 26, 2022.
             Slain by Sigmund
             ... wielding a +1 scythe of protection
              (2 damage)
             ... on level 4 of the Dungeon on Sept 27, 2022.
             The game lasted 00:21:27 (3784 turns).

Vaargak the Chopper (Demonspawn Wanderer)           Turns: 3784, Time: 00:21:28

Health: -1/37      AC:  8    Str: 15    XL:     5   Next: 23%
Magic:  7/7        EV:  8    Int: 12    God:
Gold:   130        SH:  4    Dex: 13    Spells: 5/6 levels left

rFire   . . .      SeeInvis .   a - +2 hand axe
rCold   . . .      Faith    .   b - +0 buckler
rNeg    . . .      Spirit   .   h - +0 scale mail
rPois   .          Reflect  .   k - +0 helmet
rElec   .          Harm     .   (no cloak)
rCorr   .          Rampage  .   (no gloves)
Will    .....                   g - +0 pair of boots
Stlth   ..........              (no amulet)
HPRegen 0.12/turn               (no ring)
MPRegen 0.10/turn               (no ring)

@: no status effects
A: claws 2
a: no special abilities


You were on level 4 of the Dungeon.
You visited 1 branch of the dungeon, and saw 4 of its levels.

You collected 130 gold pieces.

Inventory:

Hand Weapons
 a - a +2 hand axe (weapon)
Armour
 b - a +0 buckler (worn)
 g - a +0 pair of boots (worn)
 h - a +0 scale mail (worn)
 k - a +0 helmet (worn)
Scrolls
 c - a scroll of blinking
 d - a scroll of vulnerability {unknown}
 e - a scroll of teleportation {unknown}
 f - a scroll of fear {unknown}
 i - a scroll of identify {unknown}
 j - a scroll of enchant armour {unknown}
 l - a scroll of poison {unknown}
Potions
 m - 4 potions of curing {unknown}


   Skills:
 + Level 1.0 Fighting
 + Level 4.7 Axes
 + Level 2.5 Armour
 + Level 0.4 Dodging
 + Level 2.2 Shields
 + Level 1.4 Spellcasting
 + Level 0.3 Transmutations
 * Level 2.0 Poison Magic


You had 5 spell levels left.
You knew the following spells:

 Your Spells              Type           Power      Damage    Failure   Level
a - Sting                 Tmut/Pois      12%        1d3       67%         1

Your spell library contained the following spells:

 Spells                   Type           Power      Damage    Failure   Level
 Beastly Appendage        Tmut           2%         N/A       78%         1
 Slow                     Hex            0%         N/A       83%         1
 Poisonous Vapours        Pois/Air       6%         N/A       83%         2
 Wereblood                Tmut           1%         N/A       89%         2
 Blink                    Tloc           0%         N/A       92%         2
 Ensorcelled Hibernation  Hex/Ice        0%         N/A       92%         2
 Spider Form              Tmut/Pois      3%         N/A       95%         3
 Confusing Touch          Hex            0%         N/A       99%         3
 Lesser Beckoning         Tloc           0%         N/A       99%         3
 Vampiric Draining        Necr           0%         2d6       99%         3
 Olgreb's Toxic Radiance  Pois           5%         N/A       100%        4
 Manifold Assault         Tloc           0%         N/A       100%        5


Dungeon Overview and Level Annotations

Branches:
Dungeon (4/15)
 Temple: D:4-7

Altars:
Gozag

Shops:
D:1 (

Annotations:
D:4 Sigmund


Innate Abilities, Weirdness & Mutations

You have very sharp fingernails.


Message History

Sigmund the Dreaded comes into view.
He is wielding a +1 scythe of protection.
Sigmund shouts!
Sigmund says, "Look into my eyes."
Sigmund closely misses you.
You hit Sigmund but do no damage. You block Sigmund's attack.
You closely miss Sigmund. You closely miss Sigmund.
Sigmund laughs darkly.
Sigmund hits you with a +1 scythe of protection.
You closely miss Sigmund. Sigmund gestures at you while chanting.
The magic dart hits you.
You barely miss Sigmund. Sigmund closely misses you.
You closely miss Sigmund. Sigmund casts a spell at you.
The puff of flame hits you!
You closely miss Sigmund. Sigmund casts a spell at you.
The magic dart hits you.
You hit Sigmund but do no damage. Sigmund hits you but does no damage.
You barely miss Sigmund. You hit Sigmund but do no damage.
Sigmund hits you with a +1 scythe of protection!
* * * LOW HITPOINT WARNING * * *
You closely miss Sigmund.
Sigmund gestures wildly while chanting.
Sigmund flickers and vanishes!
Deactivating autopickup; reactivate with Ctrl-A.
You barely miss something. Something hits you.
* * * LOW HITPOINT WARNING * * *
You hit something but do no damage. Something hits you.
* * * LOW HITPOINT WARNING * * *
You miss something.
You hear some strange, mumbled words.
Something tries to affect you, but you resist.
You closely miss something. Something hits you.
* * * LOW HITPOINT WARNING * * *
You barely miss something. You barely miss something. Something hits you.
You die...

. ## .. .###. ....
##..#####
########...^...#
........@.# ######.#{...#
###..#.##....
######...##.# ..# ##
##......### .# ..# ..
###..###### ##.# #..#
#.### #...## ######..#
..# .##...## ###...#
#...>..###..##.........
#.....####.###...........
......


There were no monsters in sight!

Vanquished Creatures
  Jessica (D:2)
  6 adders
  A worm (D:2)
  4 orcs (D:3)
  9 bats
  6 endoplasms
  4 giant cockroaches
  3 goblins
  6 hobgoblins
  14 jackals
  3 quokkas
  4 ball pythons
  2 frilled lizards (D:3)
  7 kobolds
  5 rats
75 creatures vanquished.

Notes
Turn   | Place    | Note
-------+----------+-------------------------------------------
     0 | D:1      | Vaargak the Demonspawn Wanderer began the quest for the
                  | Orb.
     0 | D:1      | Vaargak set off with the following items: a +2 hand axe, a
                  | +0 buckler, a scroll of blinking, a +0 leather armour; and
                  | the following spell memorised: Sting; and the following
                  | spells available to memorise: Spider Form.
     0 | D:1      | Reached XP level 1. HP: 13/13 MP: 2/2
   259 | D:1      | Found a faded altar of an unknown god.
   268 | D:1      | Reached skill level 4 in Axes
   268 | D:1      | Gained mutation: You have sharp fingernails. [demonic
                  | ancestry]
   268 | D:1      | Reached XP level 2. HP: 19/19 MP: 3/3
   558 | D:1      | Found Vodely's Weapon Boutique.
   869 | D:2      | Reached XP level 3. HP: 17/24 MP: 4/4
  1370 | D:2      | Noticed Jessica
  1389 | D:2      | Killed Jessica
  1390 | D:2      | Gained mutation: You have very sharp fingernails. [demonic
                  | ancestry]
  1390 | D:2      | Reached XP level 4. HP: 3/31 MP: 5/5
  1674 | D:2      | Got Jessica's Vellum of Interference
  1735 | D:2      | Found an opulent altar of Gozag.
  2122 | D:3      | Reached skill level 1 in Fighting
  3065 | D:3      | Reached XP level 5. HP: 37/37 MP: 0/7
  3767 | D:4      | Noticed Sigmund
  3782 | D:4      | HP: 1/37 [something (3)]
  3784 | D:4      | Slain by Sigmund

Illustrated notes

Levels and vault maps discovered:
D:1:      wander_arrival_desolate, layout_basic, serial_shops,
          nicolae_shop_behind_doors, hellmonk_ecumenical_altar_crossroads
D:2:      layout_rooms, basic_altar, kennysheep_jessica_study
D:3:      layout_basic
D:4:      layout_rooms, gammafunk_temple_overflow_forgotten,
          kiku_gazebo_pond_becter, nicolae_hepliaklqana_monster_ancestors,
          grunt_decor_arrowhead, uniq_sigmund

Skill      XL: |  1  2  3  4  5 |
---------------+----------------+-----
Axes           | 4 |  4.7
Shields        | 2 |  2.2
Armour         | 2 |  2.5
Fighting       | 1 |  1.0
Poison Magic   | 2 |  2.0
Dodging        | |  0.4
Spellcasting   | |  1.4
Transmutations | |  0.3

Action                   |  1- 3 |  4- 6 || total
-------------------------+-------+-------++-------
Melee: Hand axe          |   114 |    99 ||   213
 Cast: Sting             |       |    21 ||    21
Armor: Leather armour    |    13 |       ||    13
       Scale mail        |    32 |    77 ||   109
Dodge: Dodged            |    55 |    70 ||   125
Block: Buckler           |    20 |    37 ||    57
